 Dungeon Crawl Stone Soup version 0.20.1-1-g8b1a95d (console) character file.

901 hilaritas the Cleaver (level 8, 0/58 HPs)
             Began as a Vine Stalker Berserker on Oct 24, 2017.
             Was a Priest of Trog.
             Slain by Prince Ribbit (10 damage)
             ... on level 5 of the Dungeon on Oct 26, 2017.
             The game lasted 00:08:21 (3419 turns).

hilaritas the Cleaver (Vine Stalker Berserker)      Turns: 3419, Time: 00:08:22

Health: 0/58       AC: 12    Str: 27    XL:     8   Next: 7%
Magic:  0/9        EV:  7    Int:  7    God:    Trog [***...]
Gold:   218        SH:  0    Dex: 14    Spells: 7/7 levels left

rFire    . . .     SeeInvis .   e - +0 war axe
rCold    . . .     Gourm    +   (no shield)
rNeg     . . .     Faith    .   w - +0 chain mail
rPois    .         Spirit   +   A - +0 helmet
rElec    .         Reflect  .   (no cloak)
rCorr    .         Harm     .   x - +2 pair of gloves
MR       +++..                  (no boots)
Stlth    ..........             d - amulet of the gourmand (curse)
Regen    1.6/turn               i - ring of loudness (curse)
MPRegen  0.2/turn               m - -2 ring of evasion (curse)

@: berserking, regenerating, very quick
A: fangs 3, regeneration 1, magic shield, antimagic bite, no potion heal 3, rot
immunity
a: Berserk, Trog's Hand, Burn Spellbooks, Renounce Religion


You were on level 5 of the Dungeon.
You worshipped Trog.
Trog was most pleased with you.
You were very hungry.

You visited 1 branch of the dungeon, and saw 5 of its levels.

You collected 218 gold pieces.

Inventory:

Hand Weapons
 e - a +0 war axe (weapon)
 D - a +2 morningstar of protection
Missiles
 b - 5 tomahawks (quivered)
 u - 4 poisoned tomahawks
Armour
 w - a +0 chain mail (worn)
 x - a +2 pair of gloves (worn)
 A - a +0 helmet (worn)
Jewellery
 d - a cursed amulet of the gourmand (around neck)
 i - a cursed ring of loudness (left hand)
 m - a cursed -2 ring of evasion (right hand)
 s - a cursed ring of loudness
Wands
 p - a wand of iceblast (9/15)
 y - a wand of flame (42/48)
Scrolls
 h - a scroll of teleportation
 o - 5 scrolls of identify
Potions
 f - a potion of cancellation {unknown}
 g - 2 potions of haste
 k - 3 potions of curing
 l - a potion of magic {unknown}
 n - 2 potions of flight {unknown}
 q - a potion of lignification {unknown}
 t - 2 potions of invisibility
 v - 2 potions of agility {unknown}
 z - 2 potions of resistance
Books
 B - a book of Cantrips

   Spells                             Type                      Level
   a - Confusing Touch                Hexes                        1
   b - Animate Skeleton               Necromancy                   1
   c - Summon Small Mammal            Summoning                    1
   d - Apportation                    Translocation                1
   Trog disapproves of the use of such an item.
Comestibles
 c - 5 bread rations
 j - 2 meat rations
 r - 12 fruits
 C - a royal jelly


   Skills:
 - Level 2.6 Fighting
 * Level 8.6 Axes
 - Level 1.5 Armour
 - Level 1.5 Dodging


You had 7 spell levels left.
You didn't know any spells.

Dungeon Overview and Level Annotations

Branches:
Dungeon (5/15)
 Temple: D:4-7

Altars:
Ashenzari
Trog
Uskayaw
Xom
Zin

Annotations:
D:5 Prince Ribbit


Innate Abilities, Weirdness & Mutations

You have razor-sharp teeth.
Your natural rate of healing is unusually fast.
When hurt, damage is shared between your health and your magic reserves.
Your bite disrupts and absorbs the magic of your enemies.
Potions cannot restore your health.
You are immune to rotting.


Message History

Prince Ribbit hits you.
You are feeling hungry.
Your chain mail prevents you from hitting Prince Ribbit.
Your bite misses Prince Ribbit.
Prince Ribbit is lightly wounded.
Prince Ribbit hits you but does no damage.
Prince Ribbit hits you!
* * * LOW HITPOINT WARNING * * *
A red film seems to cover your vision as you go berserk!
You feel yourself moving faster!
You feel mighty!
You are feeling very hungry.
Prince Ribbit hits you but does no damage.
You closely miss Prince Ribbit. Your bite misses Prince Ribbit.
Prince Ribbit is lightly wounded.
Prince Ribbit hits you!
* * * LOW HITPOINT WARNING * * *
You closely miss Prince Ribbit.
Prince Ribbit is lightly wounded.
Prince Ribbit hits you!
You die...

#.#
#.............
#.#
#.8.8.8.....##
#.#
#...........#
#.#
####...........#
#.#
#..'...#########
#.# #.##...#
#.####.##...#
#......##+###
####........#
##.......#
#@......#
#.F.......#
#.######### #. #


You could see Prince Ribbit.

Vanquished Creatures
  Sigmund (D:3)
  The ghost of HammerPanzer the Cudgeler, an amateur DsBe of Trog (D:3)
  Menkaure (D:5)
  A phantom (D:4)
  Blork the orc (D:5)
  An orc wizard (D:4)
  2 orc priests (D:4)
  Ijyb (D:3)
  Terence (D:3)
  A worker ant (D:4)
  A worker ant zombie (D:5)
  Robin (D:3)
  3 adders
  An ooze (D:3)
  3 worms
  2 dart slugs
  A leopard gecko (D:2)
  12 orcs
  5 bats
  3 giant cockroaches
  12 goblins
  11 hobgoblins
  11 jackals
  5 kobolds
  5 quokkas
  4 frilled lizards
  A leopard gecko skeleton (D:4)
  24 rats
116 creatures vanquished.

Notes
Turn   | Place    | Note
-------+----------+-------------------------------------------
     0 | D:1      | hilaritas the Vine Stalker Berserker began the quest for the Orb.
     0 | D:1      | Reached XP level 1. HP: 11/11 MP: 2/2
   238 | D:1      | Reached skill level 3 in Axes
   338 | D:1      | Reached XP level 2. HP: 16/16 MP: 3/3
  1077 | D:2      | Reached XP level 3. HP: 19/19 MP: 4/4
  1235 | D:2      | Reached skill level 4 in Axes
  1381 | D:2      | Reached ** piety under Trog
  1727 | D:3      | Gained mutation: Your natural rate of healing is unusually fast. [Vine Stalker growth]
  1727 | D:3      | Reached XP level 4. HP: 21/23 MP: 5/5
  1787 | D:3      | Found a bloodstained altar of Trog.
  1787 | D:3      | Found a glowing silver altar of Zin.
  1792 | D:3      | Found a faded altar of an unknown god.
  1794 | D:3      | Found a shimmering altar of Xom.
  1795 | D:3      | Found a faded altar of an unknown god.
  1889 | D:3      | Noticed Ijyb
  1903 | D:3      | Killed Ijyb
  2050 | D:3      | Noticed Robin
  2078 | D:3      | Killed Robin
  2078 | D:3      | Reached skill level 5 in Axes
  2078 | D:3      | Reached XP level 5. HP: 14/27 MP: 6/6
  2129 | D:3      | Noticed HammerPanzer's ghost (amateur DsBe)
  2146 | D:3      | Killed HammerPanzer's ghost
  2146 | D:3      | Reached skill level 6 in Axes
  2146 | D:3      | Reached XP level 6. HP: 12/32 MP: 5/7
  2295 | D:3      | Noticed Terence
  2307 | D:3      | Killed Terence
  2410 | D:3      | Noticed Sigmund
  2418 | D:3      | Killed Sigmund
  2418 | D:3      | Reached skill level 7 in Axes
  2418 | D:3      | Reached XP level 7. HP: 25/35 MP: 6/8
  2714 | D:4      | Reached *** piety under Trog
  2899 | D:4      | Found a shattered altar of Ashenzari.
  3010 | D:4      | Received a gift from Trog
  3017 | D:4      | HP: 2/52 [orc priest/divine providence (11)]
  3021 | D:4      | Reached skill level 8 in Axes
  3215 | D:5      | Entered Level 5 of the Dungeon
  3216 | D:5      | Noticed Blork the orc
  3227 | D:5      | Killed Blork the orc
  3261 | D:5      | Noticed Menkaure
  3270 | D:5      | Killed Menkaure
  3270 | D:5      | Gained mutation: You have razor-sharp teeth. [Vine Stalker growth]
  3270 | D:5      | Reached XP level 8. HP: 14/39 MP: 9/9
  3324 | D:5      | Found a hide-covered altar of Uskayaw.
  3409 | D:5      | Noticed Prince Ribbit
  3419 | D:5      | Slain by Prince Ribbit

Skill      XL: |  1  2  3  4  5  6  7 |
---------------+----------------------+-----
Axes           | 3 4 5 6 7 8 |  8.6
Fighting       | |  2.6
Armour         | |  1.5
Dodging        | |  1.5

Action                   |  1- 3 |  4- 6 |  7- 9 || total
-------------------------+-------+-------+-------++-------
Melee: Hand axe          |    96 |    83 |   113 ||   292
       Bite              |    31 |    24 |    35 ||    90
       War axe           |       |       |    12 ||    12
Invok: Berserk           |     1 |     2 |     2 ||     5
       Trog's Hand       |       |     1 |     3 ||     4
  Use: Scroll            |       |       |    11 ||    11
  Eat: Chunk             |     3 |     5 |    11 ||    19
Armor: Animal skin       |     5 |       |       ||     5
       Ring mail         |    28 |    29 |    36 ||    93
       Chain mail        |       |       |    28 ||    28
Dodge: Dodged            |    51 |    37 |    59 ||   147
